 Dungeon Crawl Stone Soup version 0.29-a0-330-g52719c12eb (webtiles) character file.

Game seed: 5957090282402877612

3997 dohliylev the Grappler (level 10, -2/94 HPs)
             Began as a Troll Gladiator on May 11, 2022.
             Was a Priest of Okawaru.
             Slain by a two-headed ogre
             ... wielding a +0 giant club
              (20 damage)
             ... on level 7 of the Dungeon.
             The game lasted 00:25:30 (7902 turns).

dohliylev the Grappler (Troll Gladiator)            Turns: 7902, Time: 00:25:30

Health: -2/94      AC:  9    Str: 28    XL:     10   Next: 3%
Magic:  9/9        EV: 12    Int: 10    God:    Okawaru [***...]
Gold:   431        SH:  0    Dex: 11    Spells: 6/9 levels left

rFire   . . .      SeeInvis .     - Unarmed
rCold   . . .      Faith    .   (no shield)
rNeg    . . .      Spirit   .   a - +0 robe
rPois   .          Reflect  .   b - +0 hat
rElec   .          Harm     .   l - +0 cloak
rCorr   .          Rampage  .   (gloves unavailable)
Will    .....                   (boots unavailable)
Stlth   +.........              (no amulet)
HPRegen 1.05/turn               D - +4 ring of protection
MPRegen 0.11/turn               e - +6 ring of intelligence

@: no status effects
A: large, unfitting armour, claws 3, regeneration 1, shaggy fur 1, tough skin 1
a: Renounce Religion, Heroism


You were on level 7 of the Dungeon.
You worshipped Okawaru.
Okawaru was most pleased with you.
You visited 1 branch of the dungeon, and saw 9 of its levels.
You also visited: Ossuary.

You collected 431 gold pieces.

Inventory:

Armour
 a - a +0 robe (worn)
 b - a +0 hat (worn)
 l - a +0 cloak (worn)
Jewellery
 e - a +6 ring of intelligence (right claw)
 k - a ring of ice
 D - a +4 ring of protection (left claw)
Wands
 t - a wand of flame (50)
Scrolls
 j - a scroll of holy word
 n - 3 scrolls of fog
 o - 3 scrolls of identify
 p - 2 scrolls of enchant weapon
 q - 5 scrolls of amnesia
 r - 5 scrolls of teleportation
Potions
 f - a potion of berserk rage {unknown}
 g - a potion of invisibility {unknown}
 h - a potion of cancellation {unknown}
 i - 3 potions of curing {unknown}
 m - 6 potions of might {unknown}
 s - a potion of lignification {unknown}
 u - 4 potions of heal wounds {unknown}
 v - a potion of degeneration {unknown}
 w - 2 potions of magic {unknown}
 x - 2 potions of mutation {unknown}
 z - a potion of resistance {unknown}
 A - a potion of haste {unknown}
 B - 3 potions of flight {unknown}
 C - 2 potions of brilliance {unknown}


   Skills:
 + Level 4.6 Fighting
 + Level 6.8 Throwing
 + Level 7.7 Dodging
 - Level 8.0 Unarmed Combat
 - Level 0.2 Invocations
 + Level 0.1 Evocations


You had 6 spell levels left.
You knew the following spells:

 Your Spells              Type           Power      Damage    Failure   Level
a - Confusing Touch       Hex            0%         N/A       75%         3

Your spell library contained the following spells:

 Spells                   Type           Power      Damage    Failure   Level
 Apportation              Tloc           0%         N/A       36%         1
 Sandblast                Erth           0%         2d4       36%         1
 Ensorcelled Hibernation  Hex/Ice        0%         N/A       50%         2
 Passwall                 Tmut/Erth      0%         N/A       50%         2
 Dazzling Flash           Conj/Hex       0%         N/A       75%         3
 Spider Form              Tmut/Pois      0%         N/A       75%         3
 Stone Arrow              Conj/Erth      0%         3d7       75%         3
 Swiftness                Air            0%         N/A       75%         3
 Anguish                  Hex/Necr       0%         N/A       98%         4
 Iskenderun's Mystic Bla  Conj/Tloc      0%         2d3       98%         4
 Freezing Cloud           Conj/Ice/Air   0%         6-21      100%        5
 Yara's Violent Unravell  Hex/Tmut       0%         3d3       100%        5
 Starburst                Conj/Fire      0%         6d3       100%        6
 Enfeeble                 Hex            0%         N/A       100%        7
 Polar Vortex             Ice            0%         N/A       100%        9
 Animate Skeleton         Necr           Unusable   N/A       N/A         1
 Summon Small Mammal      Summ           Unusable   N/A       N/A         1
 Call Canine Familiar     Summ           Unusable   N/A       N/A         3
 Summon Guardian Golem    Hex/Summ       Unusable   N/A       N/A         3
 Simulacrum               Ice/Necr       Unusable   N/A       N/A         6

Dungeon Overview and Level Annotations

Branches:
Dungeon (9/15)             Temple (0/1) D:7         Ossuary (visited)
   Lair: D:8-11         Orc: D:9-12

Altars:
Elyvilon
Makhleb
Okawaru
Xom
The Shining One

Shops:
D:5 [

Annotations:
D:8 2 runed translucent doors


Innate Abilities, Weirdness & Mutations

You are too large for most types of armour.
You have claws for hands.
Your natural rate of healing is unusually fast.
You are covered in fur. (AC +1)
You have tough skin. (AC +1)


Message History

a +0 short sword; a curare-tipped dart; a +0 short sword
There is an open door here.
There is a stone staircase leading down here.
Things that are here:
5 stones; a +0 club
There is a burning altar of Makhleb here.
Things that are here:
a +0 robe; a +2 dagger of pain
There is a stone staircase leading up, spattered with blood here.
You climb upwards.
There is a stone staircase leading down here.
Done exploring.
Items here: )) [[.
Things that are here:
a +0 robe; a +0 dagger You see here a +0 club.
There is a stone staircase leading down here.
Things that are here:
a +0 robe; a +5 scimitar You climb downwards.
There is a stone staircase leading up here.
Things that are here:
a +0 robe; a +3 hand axe
Things that are here:
a +0 ring mail; a +0 flail
There is a stone staircase leading down here.
You climb downwards.
Level annotation: 2 runed translucent doors The two-headed ogre closely misses you.
The two-headed ogre hits you with a +0 giant club!!
There is a stone staircase leading up, spattered with blood here.
The two-headed ogre hits you with a +0 giant club!!!
The two-headed ogre hits you with a +0 giant club!!
* * * LOW HITPOINT WARNING * * *
You climb upwards.
There is a stone staircase leading down here.
The two-headed ogre hits you with a +0 giant club!
* * * LOW HITPOINT WARNING * * *
The two-headed ogre hits you with a +0 giant club!!
You die...

##### ###...#### ####..).[.<.##
######.##.O[#.[...#
####.#......@>####).##
##...........######...###
#...###..........#.[....##
###..#....[.#.#..........##
##.......♣..##[#[..........#
#........♣..#..[......##..###
###.....#..♣..##........#...#.##
.##..#..#..♣............###.#..#
....##..#......#........#......##


You could see a two-headed ogre.

Vanquished Creatures
  A manticore (D:8)
  A shadow (D:6)
  2 yaks (D:8)
  A steam dragon (D:6)
  2 water moccasins
  An ice beast (D:8)
  A sky beast (D:6)
  2 ogres
  2 kobold brigands
  2 elf zombies (Ossuary)
  A gnoll sergeant (D:7)
  5 bullfrogs
  3 scorpions
  11 wights
  4 howler monkeys
  2 hounds
  A jelly (D:5)
  2 orc priests
  2 human zombies (Ossuary)
  An iguana (D:4)
  Ijyb (D:3)
  10 orc wizards
  3 mummies
  12 gnolls
  7 adders
  A shadow imp (D:7)
  A white imp (D:6)
  3 ufetubi
  2 adder zombies (Ossuary)
  2 worms (D:4)
  3 dart slugs
  31 orcs
  11 endoplasms
  2 giant cockroaches (D:3)
  5 hobgoblins
  3 jackals (D:3)
  9 quokkas
  12 ball pythons
  6 bats
  6 frilled lizards
  7 goblins
  15 hobgoblin zombies (Ossuary)
  2 jackal zombies (Ossuary)
  19 kobolds
  9 kobold zombies (Ossuary)
  4 orc zombies (Ossuary)
  4 rats
  A rat zombie (Ossuary)
238 creatures vanquished.

Vanquished Creatures (others)
  12 plants (D:5)
12 creatures vanquished.

Grand Total: 250 creatures vanquished

Notes
Turn   | Place    | Note
-------+----------+-------------------------------------------
     0 | D:1      | dohliylev the Troll Gladiator began the quest for the Orb.
     0 | D:1      | Reached XP level 1. HP: 19/19 MP: 0/0
     2 | D:1      | Noticed an ogre
     4 | D:1      | Noticed a naga
     4 | D:1      | Noticed a formicid
     6 | D:1      | Noticed a troll
     9 | D:1      | Noticed a gargoyle
     9 | D:1      | Noticed a ghoul
    11 | D:1      | Noticed a demonspawn
    13 | D:1      | Noticed a demigod
    15 | D:1      | Noticed a vine stalker
    15 | D:1      | Noticed a human
    17 | D:1      | Noticed an elf
    17 | D:1      | Noticed an octopode
    19 | D:1      | Noticed a dwarf
    21 | D:1      | Noticed a merfolk
    21 | D:1      | Noticed a vampire
    23 | D:1      | Noticed a minotaur
    23 | D:1      | Noticed a spriggan
    25 | D:1      | Noticed a felid
    25 | D:1      | Noticed a draconian
    27 | D:1      | Noticed a tengu
   170 | D:1      | Reached XP level 2. HP: 28/28 MP: 1/1
   343 | D:1      | Found a faded altar of an unknown god.
   441 | D:1      | Reached XP level 3. HP: 35/35 MP: 2/2
  1302 | D:2      | Reached skill level 4 in Unarmed Combat
  1472 | D:2      | Reached XP level 4. HP: 42/42 MP: 3/3
  1905 | D:3      | Noticed Ijyb
  1912 | D:3      | Killed Ijyb
  2085 | D:3      | Reached XP level 5. HP: 18/49 MP: 4/4
  2359 | D:3      | Found a shimmering altar of Xom.
  2500 | D:3      | Reached skill level 5 in Unarmed Combat
  2504 | D:3      | Found a glowing golden altar of the Shining One.
  2707 | D:4      | Learned a level 3 spell: Confusing Touch
  3038 | D:4      | Reached XP level 6. HP: 57/57 MP: 5/5
  3096 | D:4      | Reached skill level 6 in Unarmed Combat
  3303 | D:4      | Reached XP level 7. HP: 58/66 MP: 6/6
  3493 | D:5      | Entered Level 5 of the Dungeon
  3799 | D:5      | Reached skill level 7 in Unarmed Combat
  3910 | D:5      | Found Surin's Antique Armour Emporium.
  4114 | D:5      | Found an iron altar of Okawaru.
  4222 | D:5      | Became a worshipper of Warmaster Okawaru
  4412 | D:6      | Noticed a shadow
  4624 | D:6      | Reached XP level 8. HP: 54/75 MP: 7/7
  4813 | D:6      | Reached skill level 8 in Unarmed Combat
  4873 | D:6      | Reached skill level 5 in Dodging
  4884 | D:6      | Reached * piety under Okawaru
  5457 | D:7      | Reached XP level 9. HP: 81/84 MP: 8/8
  5657 | D:7      | Reached ** piety under Okawaru
  5755 | D:7      | Found a staircase to the Ecumenical Temple.
  5813 | D:7      | Found a burning altar of Makhleb.
  5852 | D:7      | Found a white marble altar of Elyvilon.
  6162 | D:8      | Noticed a manticore
  6172 | D:8      | Killed a manticore
  6173 | D:8      | Reached skill level 5 in Throwing
  6364 | D:8      | Found a large runed translucent door.
  6365 | D:8      | Found a large runed translucent door.
  6404 | D:8      | Found a sand-covered staircase.
  6420 | Ossuary  | Entered an ossuary
  6866 | D:8      | Noticed a two-headed ogre
  6916 | D:8      | HP: 2/84 [two-headed ogre/+0 giant club (27)]
  7713 | D:8      | Reached *** piety under Okawaru
  7722 | D:8      | Reached XP level 10. HP: 73/94 MP: 9/9
  7902 | D:7      | Slain by a two-headed ogre

Illustrated notes

Levels and vault maps discovered:
D:1:      kb_arrival_jail, layout_rooms, serial_aquarium, aquarium_bridge_square
          [aquarium_subvault_bridge, aquarium_subvault_wall,
          aquarium_subvault_bridge, aquarium_subvault_bridge],
          aquarium_bridge_long_joined [aquarium_subvault_wall,
          aquarium_subvault_wall, aquarium_subvault_bridge,
          aquarium_subvault_window, aquarium_subvault_wall,
          aquarium_subvault_window], aquarium_window_corner,
          aquarium_window_fake, aquarium_window_1, aquarium_view_2g,
          aquarium_view_2e, dreamdust_ecumenical_altar_statues,
          minmay_misc_feat_plants, palyth_stone_intersect, minmay_hexomino_u4
D:2:      layout_basic, chequers_serial_rivers_room_a
D:3:      layout_basic, nicolae_tso_swordbearing_angel,
          mainiacjoe_overflow_catwalk, grunt_ministairs_11,
          dreamdust_princess_bridge, uniq_ijyb
D:4:      layout_basic
D:5:      layout_basic, mainiacjoe_overflow_paths, serial_shops,
          nicolae_stop_n_shop_2, grunt_ministairs_8, serial_bayou_ford_a
D:6:      layout_loops_ring
D:7:      layout_cave_pools, mainiacjoe_overflow_brackets,
          mainiacjoe_overflow_boulevard, temple_green
D:8:      layout_cave_pools, nicolae_wu_jian_glorious_leap,
          jmf_multi_god_temple2, nicolae_ossuary_entry_giza,
          kennysheep_just_a_vault
D:9:      layout_roguey, kiku_gazebo_pond_becter, minmay_lair_entry_grove,
          gammafunk_ghost_grave, st_stairs_6, kennysheep_small_circle

Skill      XL: |  1  2  3  4  5  6  7  8  9 |
---------------+----------------------------+-----
Dodging        | 3 4 6 7 |  7.7
Unarmed Combat | 4 5 6 7 8 |  8.0
Fighting       | 2 3 4 |  4.6
Throwing       | 2 3 4 6 |  6.8
Invocations    | |  0.2
Evocations     | |  0.1

Action                   |  1- 3 |  4- 6 |  7- 9 | 10-12 || total
-------------------------+-------+-------+-------+-------++-------
Melee: Unarmed           |   100 |   149 |   328 |       ||   577
       Punch             |     2 |     4 |    10 |       ||    16
Throw: Boomerang         |       |    23 |   102 |       ||   125
       Throwing net      |       |       |    10 |       ||    10
       Large rock        |       |       |     1 |       ||     1
Invok: Heroism           |       |       |     2 |       ||     2
Evoke: Wand              |       |       |     5 |       ||     5
  Use: Scroll            |       |       |     9 |       ||     9
 Stab: Sleeping          |       |     1 |       |       ||     1
Armor: Robe              |    44 |    49 |   121 |       ||   214
Dodge: Dodged            |    46 |    60 |   192 |     6 ||   304

Table legend: (Time is in decaauts)
 A = Elapsed time spent in this place.
 B = Non-inter-level travel time spent in this place.
 C = Inter-level travel time spent in this place.
 D = Time resting spent in this place.
 E = Time spent auto-exploring this place.
 F = Levels seen in this place.
 G = Mean time per level.
                   A        B        C        D        E       F      G
               +--------+--------+--------+--------+--------+-----+--------+
         Total |   7871 |   7458 |    413 |   1118 |   4026 |  10 |  787.1 |
       Dungeon |   7618 |   7205 |    413 |   1118 |   3957 |   9 |  846.4 |
       Ossuary |    253 |    253 |      0 |      0 |     69 |   1 |  253.0 |
               +--------+--------+--------+--------+--------+-----+--------+

Top non-repeatable levels by time:
     D:8: 1358 daAuts
     D:2: 1107 daAuts
     D:5: 1049 daAuts
     D:6: 954 daAuts
     D:4: 792 daAuts
     D:1: 790 daAuts
     D:3: 790 daAuts
     D:7: 773 daAuts
 Ossuary: 253 daAuts
     D:9: 1 daAuts
